BLB
CALIFORNIA KODIAKS @ WINDY CITY BLUES
08/25/2059
 
TOP OF THE 1ST
California Kodiaks batting - Pitching for Windy City Blues : RHP James Peters
Pitching: RHP James Peters
Batting: RHB Dante Nunn 0-0: Ground out 4-3 (Groundball, 4, EV 90.0 MPH)
Batting: LHB Stephen Caskey 0-0: Swinging Strike
0-1: Called Strike
0-2: Fly out, F8 (Line Drive, 8LS, EV 91.9 MPH)
Batting: RHB Kelvin Young 0-0: Ball
1-0: Called Strike
1-1: Ball
2-1: Fly out, F9 (Line Drive, 9D, EV 92.5 MPH)
Top of the 1st over - 0 runs, 0 hits, 0 errors, 0 left on base; California 0 - Windy City 0
BOTTOM OF THE 1ST
Windy City Blues batting - Pitching for California Kodiaks : LHP Owen Ward
Pitching: LHP Owen Ward
Batting: RHB Ty Dec 0-0: Called Strike
0-1: Ball
1-1: Ball
2-1: Ball
3-1: Base on Balls
Batting: RHB Dulani Cherry 0-0: DOUBLE (Flyball, 8RXD, EV 100.6 MPH)
Ty Dec to third
Batting: RHB Ezekiel Wolfson 0-0: Fly out, F9 (Line Drive, 9S, EV 95.6 MPH)
Runner from 3rd tags up, SCORES, throw by RF
Dulani Cherry to third
Batting: RHB Corbin Herron 0-0: Foul Ball, location: 2F
0-1: Swinging Strike
0-2: Ball
1-2: Ball
2-2: Ball
3-2: Fly out, F8 (Flyball, 8RM, EV 96.2 MPH)
Runner from 3rd tags up, SCORES, throw by CF
Batting: RHB Adrien Jimenez 0-0: Foul Ball, location: 2F
0-1: SOLO HOME RUN (Flyball, 78XD, EV 100.0 MPH), Distance : 398 ft
Batting: SHB Steven Hall 0-0: Ball
1-0: Called Strike
1-1: Foul Ball, location: 2F
1-2: Ball
2-2: Ball
3-2: Foul Ball, location: 2F
3-2: Fly out, F6 (Line Drive, 6, EV 68.8 MPH)
Bottom of the 1st over - 3 runs, 2 hits, 0 errors, 0 left on base; California 0 - Windy City 3
TOP OF THE 2ND
California Kodiaks batting - Pitching for Windy City Blues : RHP James Peters
Batting: RHB Spencer Stephens 0-0: Ball
1-0: Ball
2-0: Called Strike
2-1: Foul Ball, location: 2F
2-2: Fly out, F2 (Popup, 15S, EV 81.9 MPH)
Batting: RHB Frank Memmi 0-0: Ball
1-0: Ball
2-0: Foul Ball, location: 2F
2-1: Swinging Strike
2-2: Strikes out looking
Batting: RHB Damon Squyres 0-0: Called Strike
0-1: Ball
1-1: Ball
2-1: Ball
3-1: Foul Ball, location: 2F
3-2: Strikes out looking
Top of the 2nd over - 0 runs, 0 hits, 0 errors, 0 left on base; California 0 - Windy City 3
BOTTOM OF THE 2ND
Windy City Blues batting - Pitching for California Kodiaks : LHP Owen Ward
Batting: RHB Forest Cordova 0-0: Ball
1-0: Ground out 4-3 (Groundball, 4, EV 98.1 MPH)
Batting: RHB K.J. Avery 0-0: Ball
1-0: Called Strike
1-1: Swinging Strike
1-2: Strikes out swinging
Batting: RHB Brad Castro 0-0: Called Strike
0-1: Foul Ball, location: 2F
0-2: TRIPLE (Line Drive, 9D, EV 100.0 MPH)
Batting: RHB Ty Dec 0-0: Ball
1-0: Foul Ball, location: 2F
1-1: DOUBLE (Groundball, 5L, EV 101.9 MPH)
Brad Castro scores
Batting: RHB Dulani Cherry 0-0: Ball
1-0: Called Strike
1-1: Called Strike
1-2: Foul Ball, location: 2F
1-2: Ball
2-2: Strikes out swinging
Bottom of the 2nd over - 1 run, 2 hits, 0 errors, 1 left on base; California 0 - Windy City 4
TOP OF THE 3RD
California Kodiaks batting - Pitching for Windy City Blues : RHP James Peters
Batting: RHB Al Wagner 0-0: Ball
1-0: Ball
2-0: Ball
3-0: Called Strike
3-1: Foul Ball, location: 2F
3-2: SINGLE (Line Drive, 34D, EV 95.0 MPH)
Batting: RHB Mitt Saginashvili 0-0: Fly out, F8 (Flyball, 8LM, EV 96.2 MPH)
Batting: RHB Zack Simmons 0-0: Ball
1-0: Foul Ball, location: 2F
1-1: Ball
2-1: Foul Ball, location: 2F
2-2: SINGLE (Groundball, 56D, EV 103.1 MPH)
Al Wagner to second
Batting: RHB Dante Nunn 0-0: Swinging Strike
0-1: Ball
1-1: SINGLE (Line Drive, 56D, EV 95.6 MPH)
Al Wagner to third
Zack Simmons to second
Batting: LHB Stephen Caskey 0-0: Called Strike
0-1: SINGLE (Groundball, 6MD, EV 101.9 MPH) (infield hit)
Al Wagner scores
Zack Simmons to third
Dante Nunn to second
Batting: RHB Kelvin Young 0-0: Called Strike
0-1: Swinging Strike
0-2: Ball
1-2: Foul Ball, location: 2F
1-2: Foul Ball, location: 2F
1-2: Ball
2-2: Ball
3-2: Foul Ball, location: 2F
3-2: Single, Error in OF, E9, batter to second base (Line Drive, 9S, EV 96.2 MPH)
Zack Simmons scores
Dante Nunn scores
Stephen Caskey to third
Batting: RHB Spencer Stephens 0-0: Called Strike
0-1: Ball
1-1: Called Strike
1-2: Ball
2-2: Ball
3-2: Strikes out looking
Batting: RHB Frank Memmi 0-0: Ball
1-0: Swinging Strike
1-1: Ball
2-1: Called Strike
2-2: Strikes out swinging
Top of the 3rd over - 3 runs, 5 hits, 1 error, 2 left on base; California 3 - Windy City 4
BOTTOM OF THE 3RD
Windy City Blues batting - Pitching for California Kodiaks : LHP Owen Ward
Batting: RHB Ezekiel Wolfson 0-0: Ball
1-0: Called Strike
1-1: Foul Ball, location: 2F
1-2: Ball
2-2: Ball
3-2: Foul Ball, location: 2F
3-2: Base on Balls
Batting: RHB Corbin Herron 0-0: Ball
Wild Pitch!
Ezekiel Wolfson to second
1-0: Swinging Strike
1-1: Ball
2-1: Ball
3-1: Fly out, F9 (Flyball, 9LD, EV 93.8 MPH)
Runner from 2nd tags up, SAFE at 3rd, no throw by RF
Batting: RHB Adrien Jimenez 0-0: 2-RUN HOME RUN (Flyball, 7D, EV 95.6 MPH), Distance : 359 ft
Pitching: RHP Benedict Zacarias
Batting: SHB Steven Hall 0-0: Called Strike
0-1: Ball
1-1: Fly out, F7 (Line Drive, 7, EV 91.2 MPH)
Batting: RHB Forest Cordova 0-0: Called Strike
0-1: Foul Ball, location: 2F
0-2: Ball
1-2: Foul Ball, location: 2F
1-2: Foul Ball, location: 2F
1-2: Ground out 5-3 (Groundball, 56S, EV 70.0 MPH)
Bottom of the 3rd over - 2 runs, 1 hit, 0 errors, 0 left on base; California 3 - Windy City 6
TOP OF THE 4TH
California Kodiaks batting - Pitching for Windy City Blues : RHP James Peters
Batting: RHB Damon Squyres 0-0: Ball
1-0: Ball
2-0: Ball
3-0: Base on Balls
Batting: RHB Al Wagner 0-0: Called Strike
Damon Squyres steals 2nd base
0-1: Foul Ball, location: 2F
0-2: Fly out, F8 (Flyball, 8RM, EV 96.2 MPH)
Batting: RHB Mitt Saginashvili 0-0: Called Strike
0-1: Fly out, F8 (Flyball, 8RM, EV 88.8 MPH)
Batting: RHB Zack Simmons 0-0: Called Strike
0-1: Called Strike
0-2: Ball
1-2: Ball
2-2: Fly out, F7 (Flyball, 7D, EV 89.4 MPH)
Top of the 4th over - 0 runs, 0 hits, 0 errors, 1 left on base; California 3 - Windy City 6
BOTTOM OF THE 4TH
Windy City Blues batting - Pitching for California Kodiaks : RHP Benedict Zacarias
Batting: RHB K.J. Avery 0-0: Swinging Strike
0-1: Swinging Strike
0-2: Strikes out looking
Batting: RHB Brad Castro 0-0: Called Strike
0-1: Ball
1-1: Foul Ball, location: 2F
1-2: Strikes out swinging
Batting: RHB Ty Dec 0-0: Swinging Strike
0-1: Swinging Strike
0-2: Strikes out swinging
Bottom of the 4th over - 0 runs, 0 hits, 0 errors, 0 left on base; California 3 - Windy City 6
TOP OF THE 5TH
California Kodiaks batting - Pitching for Windy City Blues : RHP James Peters
Batting: RHB Dante Nunn 0-0: Called Strike
0-1: SINGLE (Line Drive, 7S, EV 100.6 MPH)
Batting: LHB Stephen Caskey 0-0: Ball
1-0: Bunted foul
1-1: Sac Bunt to 15S - play at first, batter OUT! 1-3
Dante Nunn to second
Batting: RHB Kelvin Young 0-0: Ball
1-0: Fly out, F9 (Flyball, 9, EV 88.1 MPH)
Runner from 2nd tags up, OUT at 3rd! 9-5
Top of the 5th over - 0 runs, 1 hit, 0 errors, 0 left on base; California 3 - Windy City 6
BOTTOM OF THE 5TH
Windy City Blues batting - Pitching for California Kodiaks : RHP Benedict Zacarias
Batting: RHB Dulani Cherry 0-0: Foul Ball, location: 2F
0-1: Fly out, F8 (Flyball, 8RD, EV 90.6 MPH)
Batting: RHB Ezekiel Wolfson 0-0: Ball
1-0: Ball
2-0: Ball
3-0: Base on Balls
Batting: RHB Corbin Herron 0-0: Called Strike
0-1: Foul Ball, location: 2F
0-2: Ball
1-2: Strikes out looking
Batting: RHB Adrien Jimenez 0-0: Called Strike
0-1: Ground out 5-3 (Groundball, 56S, EV 65.6 MPH)
Bottom of the 5th over - 0 runs, 0 hits, 0 errors, 1 left on base; California 3 - Windy City 6
TOP OF THE 6TH
California Kodiaks batting - Pitching for Windy City Blues : RHP James Peters
Batting: RHB Spencer Stephens 0-0: Ball
1-0: Ball
2-0: Foul Ball, location: 2F
2-1: Ball
3-1: Fly out, F7 (Flyball, 7D, EV 99.4 MPH)
Batting: RHB Frank Memmi 0-0: Called Strike
0-1: Called Strike
0-2: Foul Ball, location: 2F
0-2: Strikes out swinging
Batting: RHB Damon Squyres 0-0: Called Strike
0-1: Ball
1-1: Swinging Strike
1-2: Strikes out looking
Top of the 6th over - 0 runs, 0 hits, 0 errors, 0 left on base; California 3 - Windy City 6
BOTTOM OF THE 6TH
Windy City Blues batting - Pitching for California Kodiaks : RHP Benedict Zacarias
Batting: SHB Steven Hall 0-0: Called Strike
0-1: Ball
1-1: Swinging Strike
1-2: DOUBLE (Line Drive, 7LM, EV 93.1 MPH)
Batting: RHB Forest Cordova 0-0: Ball
1-0: Ball
2-0: Foul Ball, location: 2F
2-1: Foul Ball, location: 2F
2-2: Strikes out swinging
Pitching: RHP Dionte Claridy
Batting: RHB K.J. Avery 0-0: Ball
1-0: Foul Ball, location: 2F
1-1: Ball
2-1: Foul Ball, location: 2F
2-2: Ball
3-2: Foul Ball, location: 2F
3-2: Strikes out swinging
Batting: RHB Brad Castro 0-0: Ball
1-0: Fly out, F5 (Line Drive, 5, EV 63.1 MPH)
Bottom of the 6th over - 0 runs, 1 hit, 0 errors, 1 left on base; California 3 - Windy City 6
TOP OF THE 7TH
California Kodiaks batting - Pitching for Windy City Blues : RHP James Peters
Pitching: RHP R.V. Weatherby
Batting: RHB Al Wagner 0-0: Ball
1-0: Called Strike
1-1: Ball
2-1: Foul Ball, location: 2F
2-2: Ground out 6-3 (Groundball, 6, EV 86.2 MPH)
Batting: RHB Mitt Saginashvili 0-0: Called Strike
0-1: Ground out 6-3 (Groundball, 6, EV 85.6 MPH)
Batting: RHB Zack Simmons 0-0: Called Strike
0-1: Ball
1-1: Called Strike
1-2: Ball
2-2: SINGLE (Groundball, 56D, EV 98.8 MPH)
Batting: RHB Dante Nunn 0-0: Called Strike
Zack Simmons steals 2nd base (no throw)
0-1: Fly out, F8 (Flyball, 8RS, EV 96.2 MPH)
Top of the 7th over - 0 runs, 1 hit, 0 errors, 1 left on base; California 3 - Windy City 6
BOTTOM OF THE 7TH
Windy City Blues batting - Pitching for California Kodiaks : RHP Dionte Claridy
Batting: RHB Ty Dec 0-0: Swinging Strike
0-1: Foul Ball, location: 2F
0-2: Ball
1-2: Foul Ball, location: 2F
1-2: Ball
2-2: Fly out, F7 (Line Drive, 7S, EV 94.4 MPH)
Batting: RHB Dulani Cherry 0-0: Ball
1-0: Ball
2-0: Called Strike
2-1: SINGLE (Groundball, 56D, EV 103.1 MPH)
Batting: RHB Ezekiel Wolfson 0-0: Called Strike
0-1: Foul Ball, location: 2F
0-2: Foul Ball, location: 2F
0-2: Ball
1-2: Ball
2-2: Ball
3-2: Strikes out swinging
Batting: RHB Corbin Herron 0-0: Called Strike
0-1: Ball
1-1: Foul Ball, location: 2F
1-2: Ball
2-2: Ball
3-2: DOUBLE (Line Drive, 78XD, EV 100.6 MPH)
Dulani Cherry to third
Dulani Cherry scores
Batting: RHB Adrien Jimenez 0-0: Called Strike
0-1: Foul Ball, location: 2F
0-2: Ball
1-2: Strikes out swinging
Bottom of the 7th over - 1 run, 2 hits, 0 errors, 1 left on base; California 3 - Windy City 7
TOP OF THE 8TH
California Kodiaks batting - Pitching for Windy City Blues : RHP R.V. Weatherby
Batting: LHB Stephen Caskey 0-0: Ball
1-0: Ball
2-0: Foul Ball, location: 2F
2-1: Called Strike
2-2: Foul Ball, location: 2F
2-2: Strikes out swinging
Batting: RHB Kelvin Young 0-0: Ball
1-0: Foul Ball, location: 2F
1-1: Called Strike
1-2: Ground out 4-3 (Groundball, 4, EV 88.8 MPH)
Batting: RHB Spencer Stephens 0-0: Foul Ball, location: 2F
0-1: Ball
1-1: Ball
2-1: Swinging Strike
2-2: Foul Ball, location: 2F
2-2: Strikes out swinging
Top of the 8th over - 0 runs, 0 hits, 0 errors, 0 left on base; California 3 - Windy City 7
BOTTOM OF THE 8TH
Windy City Blues batting - Pitching for California Kodiaks : RHP Dionte Claridy
Pitching: RHP Ian Park
Batting: SHB Steven Hall 0-0: Ball
1-0: Ball
2-0: Called Strike
2-1: Swinging Strike
2-2: Foul Ball, location: 2F
2-2: Ground out 4-3 (Groundball, 34, EV 84.4 MPH)
Batting: RHB Forest Cordova 0-0: Called Strike
0-1: Ball
1-1: Foul Ball, location: 2F
1-2: Foul Ball, location: 2F
1-2: Ball
2-2: Ball
3-2: Foul Ball, location: 2F
3-2: Base on Balls
Batting: RHB K.J. Avery 0-0: Ball
1-0: Foul Ball, location: 2F
1-1: Ball
2-1: Fly out, F8 (Flyball, 8LM, EV 84.4 MPH)
Batting: RHB Brad Castro 0-0: Called Strike
0-1: Foul Ball, location: 2F
0-2: Fly out, F7 (Flyball, 7LS, EV 97.5 MPH)
Bottom of the 8th over - 0 runs, 0 hits, 0 errors, 1 left on base; California 3 - Windy City 7
TOP OF THE 9TH
California Kodiaks batting - Pitching for Windy City Blues : RHP R.V. Weatherby
Pitching: LHP Cooper Ritchey
Batting: RHB Frank Memmi 0-0: Swinging Strike
0-1: Ball
1-1: Called Strike
1-2: Foul Ball, location: 2F
1-2: Fly out, F9 (Flyball, 9LD, EV 103.1 MPH)
Batting: RHB Damon Squyres 0-0: Foul Ball, location: 2F
0-1: Called Strike
0-2: Ball
1-2: Ball
2-2: Strikes out looking
Batting: RHB Al Wagner 0-0: Swinging Strike
0-1: Ground out 4-3 (Groundball, 4, EV 88.8 MPH)
Top of the 9th over - 0 runs, 0 hits, 0 errors, 0 left on base; California 3 - Windy City 7
Wednesday, March 27th , 2024 - OOTP Baseball 23.10 Build 110